 Dungeon Crawl Stone Soup version 0.30-a0-385-gfebfb9b408 (webtiles) character file.

Game seed: 10050139114139701954

133 PyroL the Grave Robber (level 4, -9/22 (24) HPs)
             Began as a Deep Elf Necromancer on Dec 3, 2022.
             Mangled by Crazy Yiuf
             ... wielding a +2 quarterstaff of chaos
              (15 damage)
             ... on level 2 of the Dungeon.
             The game lasted 00:04:59 (2539 turns).

PyroL the Grave Robber (Deep Elf Necromancer)       Turns: 2539, Time: 00:05:00

HP:   -9/22 (24)    AC:  2    Str:  5    XL:     4   Next: 93%
MP:   3/13          EV: 12    Int: 22    God:
Gold: 155           SH:  4    Dex: 15    Spells: 1/13 levels left

rFire   . . .      SeeInvis .    d - +3 hand axe (flame)
rCold   . . .      Faith    .    (no shield)
rNeg    . . .      Spirit   .    a - +0 robe
rPois   .          Reflect  .    (helmet restricted)
rElec   .          Harm     .    (no cloak)
rCorr   .          Rampage  .    (no gloves)
Will    .....                    (no boots)
Stlth   ++........               o - amulet of the acrobat
HPRegen 0.23/turn                (no ring)
MPRegen 0.13/turn                (no ring)

@: drained, unable to read
A: horns 1, large bone plates 1, inability to read after injury 1, noise
suppression
a: no special abilities


You were on level 2 of the Dungeon.
You visited 1 branch of the dungeon, and saw 2 of its levels.

You collected 155 gold pieces.

Inventory:

Hand Weapons
 d - a +3 hand axe of flaming (weapon)
Armour
 a - a +0 robe (worn)
Jewellery
 o - an amulet of the acrobat (around neck)
 p - an amulet of reflection
Scrolls
 e - a scroll of noise {unknown}
 g - a scroll of butterflies {unknown}
 m - a scroll of amnesia {unknown}
 n - a scroll of identify {unknown}
 q - a scroll of magic mapping {unknown}
Potions
 b - a potion of magic
 c - a potion of heal wounds {unknown}
 f - a potion of cancellation {unknown}
 h - a potion of attraction {unknown}
 j - a potion of degeneration {unknown}
 l - a potion of curing {unknown}
 r - a potion of flight {unknown}


   Skills:
 - Level 2.4 Dodging
 - Level 2.4 Stealth
 + Level 5.3 Spellcasting
 + Level 6.3 Necromancy


You had one spell level left.
You knew the following spells:

 Your Spells              Type           Power      Damage    Failure   Level
a - Necrotise             Necr           100%       1d9       1%          1
b - Vampiric Draining     Necr           33%        2d8       2%          3
c - Animate Dead          Necr           33%        N/A       7%          4
d - Anguish               Hex/Necr       9%         N/A       26%         4

Your spell library contained the following spells:

 Spells                   Type           Power      Damage    Failure   Level
 Beastly Appendage        Tmut           10%        N/A       10%         1
 Ensorcelled Hibernation  Hex/Ice        10%        N/A       14%         2
 Wereblood                Tmut           5%         N/A       14%         2
 Agony                    Necr           33%        N/A       21%         5
 Spider Form              Tmut/Pois      5%         N/A       28%         3


Dungeon Overview and Level Annotations

Branches:
Dungeon (2/15)

Altars:

Annotations:
D:2 Crazy Yiuf


Innate Abilities, Weirdness & Mutations

You have a pair of small horns on your head.
You are partially covered in large bone plates. (SH +4)
You occasionally lose the ability to read scrolls when taking damage.
You passively dampen the noise of your surroundings.


Message History

Casting: Anguish (astonishingly dangerous; 26% risk of failure)
Confirm with . or Enter, or press ? or * to list all spells.
The spell is astonishingly dangerous to miscast (26% risk of failure)!
Continue anyway?
Casting: Anguish (astonishingly dangerous; 26% risk of failure)
Press: ? - help, Dir - look around, f - activate Look: Crazy Yiuf, wielding a +2 quarterstaff of chaos, wearing a +0 cloak and carrying a wand of roots (1) (chance to affect: 67%) Crazy Yiuf resists with some effort.
The grasping roots constrict you.
* * * LOW HITPOINT WARNING * * *
Casting: Anguish (astonishingly dangerous; 26% risk of failure)
Confirm with . or Enter, or press ? or * to list all spells.
You don't have enough magic to cast this spell.
You escape the roots grasp.
Crazy Yiuf zaps a wand.
The roots erupt in riotous growth!
The fungus is unaffected. x2
The grasping roots grab you!
The now-empty wand crumbles to dust.
The grasping roots constrict you.
* * * LOW HITPOINT WARNING * * *
You escape the roots grasp.
Sorry, you're not good enough to have a special ability.
Okay, then.
Okay, then.
It was a potion of mutation.
You feel extremely strange.
You feel frail.
Your connection to magic feels subdued.
Okay, then.
Really quaff the potion of mutation?
You feel extremely strange.
You feel robust.
Your magic regains its normal vibrancy.
You feel your surroundings grow quieter.
You occasionally lose the ability to read scrolls when taking damage.
A pair of horns grows on your head!
Large bone plates grow over parts of your arms.
Your magical contamination has completely faded away.
Okay, then.
As you read the scroll labelled SASIKE KOKETUUDD, it crumbles to dust.
It is a scroll of enchant weapon.
Your +2 hand axe of flaming glows red for a moment.
Crazy Yiuf hits you with a +2 quarterstaff of chaos!
You feel threatened and lose the ability to read scrolls!
Ouch! That really hurt!
You die...

#.# ###...### #.#
#...# #.# ##.## #.#
############ #.#
#.#
#..[.......######.#
###
########..........#
#...########
####.### #
♣♣#####g@.[# ..#♣♣
♣♣.......####
..'.♣♣♣♣.P....###
..#♣g.♣.P....## #
♣♣♣.♣.P..##
♣♣♣♣♣### # ### #
###.####


You could see Crazy Yiuf.

Vanquished Creatures
  Terence (D:2)
  3 gnolls (D:2)
  4 adders (D:2)
  A worm (D:2)
  3 endoplasms
  A giant cockroach (D:1)
  6 goblins
  2 hobgoblins
  3 jackals (D:2)
  3 quokkas
  4 ball pythons
  4 bats
  3 frilled lizards (D:2)
  2 kobolds (D:2)
  2 rats (D:2)
42 creatures vanquished.

Notes
Turn   | Place    | Note
-------+----------+-------------------------------------------
     0 | D:1      | PyroL the Deep Elf Necromancer began the quest for the Orb.
     0 | D:1      | Reached XP level 1. HP: 10/10 MP: 6/6
   192 | D:1      | Reached skill level 5 in Necromancy
   355 | D:1      | Reached XP level 2. HP: 15/15 MP: 6/8
  1275 | D:2      | Noticed Terence
  1284 | D:2      | Reached XP level 3. HP: 19/19 MP: 6/10
  1684 | D:2      | Killed Terence
  1685 | D:2      | Reached skill level 6 in Necromancy
  1685 | D:2      | Reached XP level 4. HP: 24/24 MP: 6/12
  1689 | D:2      | Learned a level 3 spell: Vampiric Draining
  1694 | D:2      | Learned a level 4 spell: Animate Dead
  1699 | D:2      | Learned a level 4 spell: Anguish
  1711 | D:2      | Reached skill level 5 in Spellcasting
  2247 | D:2      | Found a runed translucent door.
  2248 | D:2      | Noticed Crazy Yiuf
  2537 | D:2      | Gained mutation: You are frail. (-10% HP) [potion of
                  | mutation]
  2537 | D:2      | Gained mutation: Your spells are a little easier to cast,
                  | but a little less powerful. [potion of mutation]
  2538 | D:2      | Lost mutation: You are frail. (-10% HP) [potion of
                  | mutation]
  2538 | D:2      | Lost mutation: Your spells are a little easier to cast, but
                  | a little less powerful. [potion of mutation]
  2538 | D:2      | Gained mutation: You passively dampen the noise of your
                  | surroundings. [potion of mutation]
  2538 | D:2      | Gained mutation: You occasionally lose the ability to read
                  | scrolls when taking damage. [potion of mutation]
  2538 | D:2      | Gained mutation: You have a pair of small horns on your
                  | head. [potion of mutation]
  2538 | D:2      | Gained mutation: You are partially covered in large bone
                  | plates. (SH +4) [potion of mutation]
  2539 | D:2      | Mangled by Crazy Yiuf

Illustrated notes

Levels and vault maps discovered:
D:1:      sevenhm_arrival_forest_fort_small_4, layout_basic
D:2:      wander_river, layout_loops_cross, uniq_terence,
          uniq_crazy_yiuf_cottage

Skill      XL: |  1  2  3  4 |
---------------+-------------+-----
Necromancy     | 5 6 |  6.3
Spellcasting   | 4 5 |  5.3
Dodging        | |  2.4
Stealth        | |  2.4

Action                   |  1- 3 |  4- 6 || total
-------------------------+-------+-------++-------
Melee: Hand axe          |    13 |     9 ||    22
 Cast: Necrotise         |    42 |    20 ||    62
       Anguish           |       |     2 ||     2
  Use: Potion            |       |     2 ||     2
       Scroll            |       |     1 ||     1
 Stab: Distracted        |     1 |       ||     1
       Sleeping          |       |     1 ||     1
Armor: Robe              |     7 |     2 ||     9
Dodge: Dodged            |    16 |    10 ||    26

Table legend: (Time is in decaauts)
 A = Elapsed time spent in this place.
 B = Non-inter-level travel time spent in this place.
 C = Inter-level travel time spent in this place.
 D = Time resting spent in this place.
 E = Time spent auto-exploring this place.
 F = Levels seen in this place.
 G = Mean time per level.
                   A        B        C        D        E       F      G
               +--------+--------+--------+--------+--------+-----+--------+
         Total |   2560 |   2427 |    133 |    180 |   1957 |   2 | 1280.0 |
       Dungeon |   2560 |   2427 |    133 |    180 |   1957 |   2 | 1280.0 |
               +--------+--------+--------+--------+--------+-----+--------+

Top non-repeatable levels by time:
     D:1: 1445 daAuts
     D:2: 1114 daAuts
